 Dungeon Crawl Stone Soup version 0.30.0-12-gd5a94ecb5d (webtiles) character file.

Game seed: 10274774651796393446

15281 MacCMillion the Marksspriggan (level 11, -2/58 HPs)
             Began as a Spriggan Hunter on May 17, 2023.
             Was a High Priest of Okawaru.
             Killed from afar by a rime drake (24 damage)
             ... with an icy flash freeze
             ... on level 2 of the Lair of Beasts.
             The game lasted 00:27:10 (18097 turns).

MacCMillion the Marksspriggan (Spriggan Hunter)    Turns: 18097, Time: 00:27:11

Health: -2/58      AC:  8    Str:  7    XL:     11   Next: 99%
Magic:  12/12      EV: 35    Int: 13    God:    Okawaru [*****.]
Gold:   883        SH:  0    Dex: 26    Spells: 10/10 levels left

rFire   . . .        a - +0 shortbow
rCold   . . .        (shield currently unavailable)
rNeg    . . .        H - +0 steam dragon scales
rPois   .            (helmet restricted)
rElec   .            L - +2 cloak {Will+}
rCorr   .            (gloves unavailable)
SInv    +            (boots unavailable)
Will    ++...        K - amulet of Kikubaaqudgha's Grace {Regen+ Int+2 Dex+3 SInv}
Stlth   +++          i - +5 ring of evasion
HPRegen 1.09/turn    (no ring)
MPRegen 0.13/turn

%: no passive effects
@: very quick
A: very small, no large weapons, unfitting armour, see invisible, speed 3
a: Renounce Religion, Heroism, Finesse, Duel


You were on level 2 of the Lair of Beasts.
You worshipped Okawaru.
Okawaru was extremely pleased with you.
You visited 3 branches of the dungeon, and saw 13 of its levels.
You also visited: Sewer and Gauntlet.

You collected 883 gold pieces.

Inventory:

Hand Weapons
 a - a +0 shortbow (weapon)
Armour
 j - a +2 robe of willpower
 H - +0 steam dragon scales (worn)
 L - a +2 cloak of willpower (worn)
Jewellery
 i - a +5 ring of evasion (left hand)
 C - an amulet of regeneration
 D - a ring of magical power
 E - a +6 ring of intelligence
 K - the amulet of Kikubaaqudgha's Grace (around neck) {Regen+ Int+2 Dex+3 SInv}
   (You found it in a Gauntlet)

   [amulet of regeneration]

   Int:       It affects your intelligence (+2).
   Dex:       It affects your dexterity (+3).
   SInv:      It lets you see invisible.
   Regen:     It increases your rate of health regeneration.
 N - a ring of protection from fire
Wands
 m - a wand of quicksilver (8)
 u - a wand of flame (17)
 x - a wand of roots (11)
 y - a wand of paralysis (6)
Scrolls
 b - a scroll of immolation
 e - 5 scrolls of magic mapping
 g - 2 scrolls of identify
 l - 5 scrolls of enchant armour
 o - 3 scrolls of teleportation
 q - 2 scrolls of noise
 s - a scroll of silence
 t - 2 scrolls of brand weapon
 w - 2 scrolls of vulnerability
 A - 3 scrolls of butterflies
 B - 2 scrolls of enchant weapon
 F - a scroll of fog {unknown}
 I - 3 scrolls of blinking {unknown}
 J - a scroll of fear {unknown}
 M - a scroll of poison {unknown}
 O - a scroll of torment {unknown}
Potions
 c - 3 potions of curing
 d - 3 potions of brilliance
 f - a potion of might {unknown}
 h - 5 potions of degeneration {unknown}
 k - 4 potions of heal wounds
 n - a potion of resistance {unknown}
 p - 3 potions of haste {unknown}
 r - 3 potions of berserk rage {unknown}
 v - 2 potions of mutation {unknown}
 z - 4 potions of lignification {unknown}
Miscellaneous
 G - a phial of floods (inert)


   Skills:
 + Level 7.2 Fighting
 * Level 15.1 Ranged Weapons
 + Level 11.3 Dodging
 - Level 4.0 Stealth
 + Level 1.0 Invocations
 + Level 5.3 Evocations


You had 10 spell levels left.
You didn't know any spells.
Your spell library contained the following spells:

 Spells                   Type           Power      Damage    Failure   Level
 Freeze                   Ice            0%         1d3       30%         1
 Magic Dart               Conj           0%         1d3       30%         1
 Scorch                   Fire           0%         2d5       43%         2
 Sublimation of Blood     Necr           0%         N/A       43%         2
 Wereblood                Tmut           0%         N/A       43%         2
 Frozen Ramparts          Ice            0%         1d1       67%         3
 Hailstorm                Conj/Ice       0%         3d3       67%         3
 Mephitic Cloud           Conj/Pois/Air  0%         N/A       67%         3
 Cause Fear               Hex            0%         N/A       97%         4
 Flame Wave               Conj/Fire      0%         2d4       97%         4
 Dragon Form              Tmut           0%         N/A       100%        7
 Ozocubu's Refrigeration  Ice            0%         4d7       100%        7
 Polar Vortex             Ice            0%         N/A       100%        9
 Call Imp                 Summ           Unusable   N/A       N/A         2
 Simulacrum               Ice/Necr       Unusable   N/A       N/A         6
 Summon Cactus Giant      Summ           Unusable   N/A       N/A         6
 Summon Hydra             Summ           Unusable   N/A       N/A         7
 Dragon's Call            Summ           Unusable   N/A       N/A         9

Dungeon Overview and Level Annotations

Branches:
Dungeon (10/15)            Temple (1/1) D:6            Lair (2/5) D:10
 Spider (0/4) Lair:2        Sewer (visited)         Gauntlet (visited)
  Swamp: Lair:2-3    Shoals: Lair:2-3       Orc: D:9-12

Altars:
Ashenzari
Cheibriados
Dithmenos
Elyvilon
Fedhas
Gozag
Hepliaklqana
Kikubaaqudgha
Makhleb
Nemelex Xobeh
Okawaru
Qazlal
Ru
Sif Muna
Trog
Uskayaw
Vehumet
Wu Jian
Xom
Yredelemnul
Zin
The Shining One

Annotations:
D:8 3 runed translucent doors, KamiKatze's ghost, novice HOBe
D:9 3 runed translucent doors, dogaso222's ghost, novice MfRe


Innate Abilities, Weirdness & Mutations

You are very small and have problems with some larger weapons.
You are too small for most types of armour.
You have supernaturally acute eyesight. (SInv)
You cover ground extremely quickly. (Speed+++)


Message History

The komodo dragon is moderately wounded.
You shoot an arrow.
The arrow completely misses the komodo dragon.
The arrow hits the rime drake.
The rime drake is lightly wounded.
You shoot an arrow. The arrow hits the komodo dragon!!
The komodo dragon is severely wounded.
You shoot an arrow.
The arrow hits the komodo dragon but does no damage.
The komodo dragon is severely wounded.
You shoot an arrow. The arrow hits the komodo dragon.
The komodo dragon is almost dead.
You shoot an arrow. The arrow hits the komodo dragon!
You kill the komodo dragon!
Okawaru accepts your kill. The rime drake breathes ice at you.
The icy flash freeze hits you!!
You are encased in ice.
Your Invocations skill increases to level 1!
You shoot an arrow. The arrow hits the rime drake.
The rime drake is lightly wounded.
You shoot an arrow. The arrow hits the rime drake.
The rime drake is moderately wounded.
The ice encasing you melts away.
You shoot an arrow. The arrow hits the rime drake.
The rime drake is moderately wounded.
You shoot an arrow. The arrow barely misses the rime drake.
The rime drake breathes ice at you. The icy flash freeze hits you!!
You are encased in ice.
You are too injured to fight recklessly!
You are too injured to fight recklessly!
You are too injured to fight recklessly!
The rime drake attacks as you move away!
The rime drake bites you but does no damage.
The rime drake barely misses you. The ice encasing you melts away.
The rime drake breathes ice at you. The icy flash freeze hits you!!
You die...

#...#### #### #### #..##..#
##..#####..## ##..#.^.. ##
#...........## ##P.P##+≈≈
....###............###....##..≈
...................#.#.####.>.≈
......#...........[......# (.^≈
....+....†.....k...#.'.#.## +≈≈
...l.#........@...###.....# ...
.... ##...<........###....##...
k #............# #.....####
##...........## #..#....##
#.............# ####.#....
##...........## #..####
#.###..##...# #.P#
###.÷####.P## #...#
#........... ..#...


You could see a rime drake (catching breath).

Vanquished Creatures
  An entropy weaver (Gauntlet)
  A two-headed ogre (D:9)
  An orb spider (Lair:2)
  A wizard (Gauntlet)
  A deep elf pyromancer (D:9)
  2 komodo dragons (Lair:2)
  Sigmund (D:6)
  2 centaur simulacra (Gauntlet)
  40 yaks
  2 wyverns
  A steam dragon (D:9)
  2 basilisks
  Menkaure (D:6)
  Edmund (D:5)
  4 water moccasins
  3 ice beasts
  10 orc warriors
  2 sky beasts (D:6)
  3 ogres
  3 centaurs
  A phantom (D:5)
  9 kobold brigands
  5 bullfrogs
  2 scorpions (D:6)
  A hornet simulacrum (Gauntlet)
  2 killer bees (D:8)
  2 howler monkeys (D:8)
  3 hounds
  8 orc priests
  7 jellies
  3 sleepcaps
  A gnoll bouda (D:7)
  6 iguanas
  8 orc wizards
  Robin (D:2)
  8 gnolls
  9 adders
  2 river rats (Sewer)
  3 shadow imps
  2 white imps
  An ufetubus (D:6)
  5 worms
  2 dart slugs
  46 orcs
  7 endoplasms
  2 giant cockroaches
  15 goblins
  7 hobgoblins
  8 jackals
  2 quokkas
  10 ball pythons
  4 bats (D:1)
  3 frilled lizards
  25 kobolds
  9 rats
  A butterfly (D:9)
312 creatures vanquished.

Notes
Turn   | Place    | Note
-------+----------+-------------------------------------------
     0 | D:1      | MacCMillion the Spriggan Hunter began the quest for the
                  | Orb.
     0 | D:1      | Reached XP level 1. HP: 10/10 MP: 2/2
   225 | D:1      | Reached XP level 2. HP: 14/14 MP: 3/3
   774 | D:2      | Reached XP level 3. HP: 18/18 MP: 4/4
   798 | D:2      | Noticed Robin
  1098 | D:2      | Killed Robin
  1162 | D:2      | Reached skill level 5 in Ranged Weapons
  1251 | D:2      | Reached XP level 4. HP: 22/22 MP: 5/5
  2434 | D:3      | Found a faded altar of an unknown god.
  2515 | D:3      | Reached XP level 5. HP: 25/25 MP: 6/6
  3022 | D:3      | Found a shimmering blue altar of Sif Muna.
  3300 | D:4      | Noticed a black bear
  3447 | D:4      | Reached skill level 6 in Ranged Weapons
  3594 | D:4      | Found a glowing drain.
  3623 | Sewer    | Entered a sewer
  3716 | Sewer    | Reached XP level 6. HP: 30/30 MP: 7/7
  3849 | Sewer    | Reached skill level 7 in Ranged Weapons
  4110 | Sewer    | Reached skill level 8 in Ranged Weapons
  4254 | Sewer    | Reached XP level 7. HP: 33/33 MP: 8/8
  5217 | D:4      | Found a hide-covered altar of Uskayaw.
  5552 | D:5      | Entered Level 5 of the Dungeon
  5739 | D:4      | Reached skill level 9 in Ranged Weapons
  6764 | D:5      | Reached XP level 8. HP: 37/37 MP: 9/9
  6869 | D:5      | Reached skill level 10 in Ranged Weapons
  6902 | D:6      | Noticed Edmund
  7022 | D:5      | Killed Edmund
  7023 | D:5      | Reached skill level 1 in Evocations
  7069 | D:6      | Noticed Sigmund
  7421 | D:6      | Killed Sigmund
  7889 | D:6      | Found a staircase to the Ecumenical Temple.
  7932 | Temple   | Entered the Ecumenical Temple
  7985 | Temple   | Became a worshipper of Warmaster Okawaru
  8112 | D:6      | Noticed Menkaure
  8613 | D:6      | Reached XP level 9. HP: 44/44 MP: 10/10
  8848 | D:6      | Reached skill level 5 in Dodging
  8875 | D:6      | Reached skill level 11 in Ranged Weapons
  9140 | D:6      | Killed Menkaure
 10164 | D:7      | Reached skill level 5 in Evocations
 10455 | D:8      | Reached * piety under Okawaru
 10667 | D:7      | Reached skill level 12 in Ranged Weapons
 10843 | D:8      | Reached ** piety under Okawaru
 11149 | D:7      | Reached XP level 10. HP: 51/51 MP: 11/11
 12131 | D:8      | Reached skill level 5 in Fighting
 12389 | D:8      | Identified the +1 acid dragon scales of the Bulwark {rCorr
                  | Int-4 Dex+5}
 12569 | D:8      | Found a sacrificial altar of Ru.
 12630 | D:8      | Found a runed translucent gate.
 12630 | D:8      | Found a runed translucent gate.
 12630 | D:8      | Found a runed translucent gate.
 12694 | D:8      | Reached *** piety under Okawaru
 12860 | D:8      | Noticed KamiKatze's ghost (novice HOBe)
 13219 | D:9      | Reached skill level 13 in Ranged Weapons
 13261 | D:9      | Found a runed translucent gate.
 13261 | D:9      | Found a runed translucent gate.
 13262 | D:9      | Found a runed translucent gate.
 13263 | D:9      | Found an opulent altar of Gozag.
 13264 | D:9      | Noticed dogaso222's ghost (novice MfRe)
 13784 | D:9      | Found a white marble altar of Elyvilon.
 13808 | D:9      | Found a shimmering altar of Xom.
 13884 | D:9      | Reached **** piety under Okawaru
 13931 | D:9      | Reached XP level 11. HP: 56/56 MP: 12/12
 14263 | D:9      | Noticed a deep elf pyromancer
 14285 | D:9      | Killed a deep elf pyromancer
 14458 | D:9      | Reached skill level 14 in Ranged Weapons
 14578 | D:10     | Entered Level 10 of the Dungeon
 14611 | D:10     | Noticed a two-headed ogre
 14667 | D:9      | Killed a two-headed ogre
 14667 | D:9      | Reached ***** piety under Okawaru
 14668 | D:9      | Reached skill level 10 in Dodging
 14744 | D:10     | Received a gift from Okawaru
 14837 | D:10     | Found a staircase to the Lair.
 15142 | D:10     | Found a sparkling altar of Nemelex Xobeh.
 15142 | D:10     | Found a broken altar of Ashenzari.
 15427 | Lair:1   | Entered Level 1 of the Lair of Beasts
 15457 | Lair:1   | Found a gate leading to a gauntlet.
 15467 | Gauntlet | Entered a Gauntlet
 15467 | Gauntlet | Found a transporter.
 15467 | Gauntlet | Found a transporter.
 15470 | Gauntlet | Found a transporter.
 15490 | Gauntlet | Found a transporter.
 15501 | Gauntlet | Found a transporter.
 15502 | Gauntlet | Found a transporter.
 15504 | Gauntlet | Noticed an entropy weaver
 15511 | Gauntlet | Found a transporter.
 15511 | Gauntlet | Noticed a wizard
 15513 | Gauntlet | Noticed a wolf spider
 15527 | Gauntlet | Noticed a green death
 15530 | Gauntlet | Found a transporter.
 15544 | Gauntlet | Found a transporter.
 15547 | Gauntlet | Found a transporter.
 15553 | Gauntlet | Noticed a fire crab
 15555 | Gauntlet | Found a transporter.
 15558 | Gauntlet | Found a transporter.
 15836 | Gauntlet | Received a gift from Okawaru
 16004 | Gauntlet | Killed a wizard
 16131 | Gauntlet | Identified the amulet of Kikubaaqudgha's Grace {Regen+
                  | Int+2 Dex+3 SInv}
 16177 | Gauntlet | Killed an entropy weaver
 16212 | Gauntlet | Noticed a minotaur
 16525 | Lair:1   | Reached skill level 15 in Ranged Weapons
 16807 | Lair:1   | Noticed a fire crab
 17864 | Lair:2   | Found a hole to the Spider Nest.
 17864 | Lair:2   | Noticed an orb spider
 17933 | Lair:2   | Killed an orb spider
 18088 | Lair:2   | Reached skill level 1 in Invocations
 18097 | Lair:2   | Killed from afar by a rime drake

Illustrated notes

Levels and vault maps discovered:
D:1:      dpeg_arrival_windows_large_door, layout_basic, solitary_fountain
D:2:      minmay_evil_eye, layout_basic, ebering_dispersal_statue_hall,
          uniq_robin
D:3:      layout_basic, lemuel_blue_sif_altar,
          ebering_ecumenical_altar_petrified
D:4:      black_bear_nest_2, layout_loops_corners, lemuel_tele_altar,
          cheibrodos_sewer_entry_bend
D:5:      layout_gridville
D:6:      layout_basic, temple_statues, grunt_decor_one_mirror, uniq_edmund,
          uniq_menkaure, uniq_sigmund
D:7:      layout_loops_cross, kennysheep_cross_room
D:8:      minmay_angry_zag, layout_cave_pools, mainiacjoe_overflow_24_doors,
          gammafunk_ghost_icy
D:9:      layout_roguey [special_room_orc], kennysheep_mini_moat,
          nicolae_elyvilon_peaceful_grove, ebering_ghost_gozag
D:10:     layout_rooms, mainiacjoe_overflow_divided_tiny, dpeg_oklobed_lair
Temple:   eino_wide_crystal_templ
Lair:1:   layout_layer_cave, gauntlet_entry_generic
Lair:2:   layout_roguey, nicolae_spider_entry_orb_guardian, pond

Skill      XL: |  1  2  3  4  5  6  7  8  9 10 11 |
---------------+----------------------------------+-----
Stealth        | 2 3 4 |  4.0
Ranged Weapons | 5 6 8 9 10 12 13 15 | 15.1
Dodging        | 4 7 9 11 | 11.3
Evocations     | 3 5 |  5.3
Fighting       | 3 4 5 7 |  7.2
Invocations    | 1 |  1.0

Action                     |  1- 3 |  4- 6 |  7- 9 | 10-12 || total
---------------------------+-------+-------+-------+-------++-------
   Fire: Shortbow          |    93 |   159 |   548 |   936 ||  1736
 Invoke: Finesse           |       |       |       |     2 ||     2
  Evoke: Wand              |       |       |       |     9 ||     9
         Phial of floods   |       |       |       |     1 ||     1
    Use: Scroll            |       |       |     3 |     8 ||    11
         Potion            |       |       |     1 |     3 ||     4
 Armour: Robe              |     8 |     4 |     6 |     7 ||    25
         Steam dragon scal |       |       |       |     3 ||     3
  Dodge: Dodged            |    35 |    60 |   181 |   398 ||   674
